Login

Manitoba Moose vs Bakersfield Condors

Created - 30 March 2024 at 23:06

Goals
1 2 3 T
Manitoba Moose 1 2 2 5
Bakersfield Condors 1 2 1 4
Shots
1 2 3 T
Manitoba Moose 6 18 16 40
Bakersfield Condors 6 15 12 33

GoalsPenalties
1st period
1. Bakersfield Condors , Raphael Lavoie 7 (Drake Caggiula 8, Noel Hoefenmayer 3) at 14:15
2. Manitoba Moose , Jeffrey Viel 4 (Kristian Reichel 8) at 18:57 (PP)
Connor Brown (BAK) for High sticking (Minor) at 18:52
2nd period
3. Bakersfield Condors , Ty Tullio 2 (Xavier Bourgault 7, Connor Brown 1) at 2:39
4. Manitoba Moose , David Gustafsson 10 (Axel Jonsson-Fjallby 15, Lawrence Pilut 6) at 3:08
5. Manitoba Moose , Axel Jonsson-Fjallby 3 (David Gustafsson 7) at 12:34 (PP)
6. Bakersfield Condors , Ty Tullio 3 (Xavier Bourgault 8, Connor Brown 2) at 18:36
Ville Heinola (MTB) for Slashing (Minor) at 9:03
Drake Caggiula (BAK) for Interference (Minor) at 12:32
Raphael Lavoie (BAK) for Cross-checking (Minor) at 13:46
3rd period
7. Manitoba Moose , Brad Lambert 1 (Riley Sheahan 2, Jeff Malott 1) at 4:32
8. Bakersfield Condors , Seth Griffith 2 (James Hamblin 4, Noah Philp 2) at 12:11
9. Manitoba Moose , Brad Lambert 2 (Riley Sheahan 3, Ville Heinola 6) at 16:02
Lawrence Pilut (MTB) for Delaying the game (Minor) at 5:36
Goalie Stats
Collin Delia (MTB), 29 saves from 33 shots - (0.879), W, 3-2-3, 60:00 minutes
Olivier Rodrigue (BAK), 35 saves from 40 shots - (0.875), L, 1-5-2, 59:01 minutes
3 StarsOfficial
1 - Brad Lambert (MTB)
2 - Ty Tullio (BAK)
3 - Riley Sheahan (MTB)
Referees : Brandon Schrader and Mike Campbell
Linesman : Jake Davis and Jonny Murray
Game Note
14:15 of 1st period - Bakersfield Condors goal is going for a video replay. After video review, Goal.
Kyle Capobianco is injured at 7:30 of 3rd period (Bruised Left Leg)
Finance
Level 1 -- Attendance: 1731 (86.55%) -- Ticket Income $60,585
Level 2 -- Attendance: 927 (92.70%) -- Ticket Income $13,905
Total Attendance: 2658 (88.60%)
Total Ticket Income: $74,490
Other Income: $36,500
Total Income: $110,990



Team Name Goals Shots Shots Attemp Shots Blocked PIM HIT PP PK FO%
Manitoba Moose 54074114262 / 3 (67%)052%
Bakersfield Condors 43364106220 / 2 (0%)248%

Manitoba Moose
Player Name POS G A P +/- PIM HIT SHT SB MP PP MP PP SHT PK MP PK SHT FO% FOT GA TA
Artemi KniazevD000-1000010:590:0000:0000% 000
Axel Jonsson-FjallbyLW112-3035121:071:0912:04067% 310
Brad LambertRW2022012113:220:0000:0000% 000
Brandon GignacLW000001009:540:0001:0500% 000
Daniel TorgerssonLW000002007:430:0000:0000% 000
David GustafssonC112-3017221:071:0902:04053% 3000
Declan ChisholmD000-1010016:180:0201:5200% 001
Dominic ToninatoC000001107:430:0000:00050% 220
Jeff MalottLW0112023113:220:0000:0000% 010
Jeffrey VielLW1010046015:370:5710:4900% 100
Kristian ReichelC0110000115:370:5700:49044% 1600
Kyle CapobiancoD0001035023:161:0102:4000% 010
Lawrence PilutD0110201226:271:0301:0100% 001
Riley SheahanC0222024215:330:0001:05067% 610
Saku MaenalanenRW000-3021018:281:0900:0000% 011
Sam AnasRW0000011014:480:5700:0000% 000
Simon LundmarkD000-1011124:001:0301:5100% 000
Ville HeinolaD0110213020:391:0300:3200% 020
Bakersfield Condors
Player Name POS G A P +/- PIM HIT SHT SB MP PP MP PP SHT PK MP PK SHT FO% FOT GA TA
Ben GleasonD0001000116:502:2801:2000% 000
Cam DineenD0001000120:571:3000:4600% 001
Carter SavoieLW000000003:350:0800:0000% 000
Connor BrownRW0220233019:370:0300:00052% 2101
Drake CaggiulaLW0111224020:421:4410:48071% 700
Dylan HollowayLW000000001:100:0000:0000% 000
Greg McKeggC0001030018:361:4400:50046% 1301
James HamblinLW0110022017:252:1100:570100% 110
Kyle MayhewD000-1001122:180:0000:0000% 000
Lane PedersonC000000000:440:0000:3300% 000
Markus NiemelainenD000-1043322:180:0000:0000% 011
Noah PhilpLW0110022119:482:0600:00045% 1100
Noel HoefenmayerD0111000116:452:2801:2000% 001
Philip KempD0001022120:571:3000:4600% 004
Raphael LavoieRW1011214017:511:4400:0700% 200
Seth GriffithRW1010006014:540:0000:0000% 000
Ty TullioRW2020012019:510:0800:0000% 100
Xavier BourgaultRW0220024123:332:0600:5700% 210

Manitoba Moose

5 vs 5 Forward
Line #Left WingCenterRight WingPHYDFOFWanted %Time %Time Play
1Axel Jonsson-FjallbyDavid GustafssonSaku Maenalanen1224035%19:00
2Jeffrey VielKristian ReichelSam Anas1223026%13:51
3Jeff MalottRiley SheahanBrad Lambert1222025%13:22
4Daniel TorgerssonDominic ToninatoBrandon Gignac1221014%7:43
5 vs 5 Defense
Line #DefenseDefensePHYDFOFWanted %Time %Time Play
1Lawrence PilutKyle Capobianco1224040%21:20
2Ville HeinolaSimon Lundmark1223033%17:50
3Declan ChisholmArtemi Kniazev1222019%10:27
4Lawrence PilutKyle Capobianco122108%4:19
Power Play Forward
Line #Left WingCenterRight WingPHYDFOFWanted %Time %Time Play
1Axel Jonsson-FjallbyDavid GustafssonSaku Maenalanen1226055%1:09
2Jeffrey VielKristian ReichelSam Anas1224045%0:57
Power Play Defense
Line #DefenseDefensePHYDFOFWanted %Time %Time Play
1Lawrence PilutKyle Capobianco1226050%1:03
2Ville HeinolaSimon Lundmark1224050%1:03
Penalty Kill 4 Players Forward
Line #CenterWingPHYDFOFWanted %Time %Time Play
1David GustafssonAxel Jonsson-Fjallby1226079%3:09
2Kristian ReichelJeffrey Viel1224021%0:49
Penalty Kill 4 Players Defense
Line #DefenseDefensePHYDFOFWanted %Time %Time Play
1Lawrence PilutKyle Capobianco1226076%3:00
2Ville HeinolaSimon Lundmark1224024%0:58
Penalty Kill 3 Players
Line #WingPHYDFOFWanted %Time %Time PlayDefenseDefensePHYDFOFWanted %Time %Time Play
1David Gustafsson122600%0:00 Lawrence PilutKyle Capobianco122600%0:00
2Kristian Reichel122400%0:00 Ville HeinolaSimon Lundmark122400%0:00
4 vs 4 Forward
Line #CenterWingPHYDFOFWanted %Time %Time Play
1David GustafssonAxel Jonsson-Fjallby122600%0:00
2Kristian ReichelJeffrey Viel122400%0:00
4 vs 4 Defense
Line #DefensePHYDFOFWanted %Time %Time Play
1Lawrence PilutKyle Capobianco122600%0:00
2Ville HeinolaSimon Lundmark122400%0:00
Last Minutes Offensive
Left WingCenterRight WingDefenseDefense
Axel Jonsson-FjallbyDavid GustafssonSaku MaenalanenLawrence PilutKyle Capobianco
Last Minutes Defensive
Left WingCenterRight WingDefenseDefense
Axel Jonsson-FjallbyDavid GustafssonSaku MaenalanenLawrence PilutKyle Capobianco
Time
Total ForwardTotal DefenseLast Minutes OffensiveLast Minutes Defensive
60:00 60:00 0:000:00
Extra Forwards
Normal PowerPlayPenalty Kill
Riley Sheahan, Dominic Toninato, Jeffrey VielRiley Sheahan, Dominic ToninatoRiley Sheahan
Extra Defensemen
Normal PowerPlayPenalty Kill
Simon Lundmark, Declan Chisholm, Artemi KniazevSimon Lundmark, Simon LundmarkDeclan Chisholm
Penalty Shots
Saku Maenalanen, Axel Jonsson-Fjallby, David Gustafsson, Kristian Reichel, Riley Sheahan
Goalie
Collin Delia, Olle Eriksson-Ek
Custom OT Lines Forwards
Saku Maenalanen, Axel Jonsson-Fjallby, David Gustafsson, Kristian Reichel, Riley Sheahan, Dominic Toninato, Jeffrey Viel, Jeff Malott, Brandon Gignac, Daniel Torgersson
Custom OT Lines Defensemen
Lawrence Pilut, Kyle Capobianco, Ville Heinola, Simon Lundmark, Declan Chisholm
Scratches
Tyrel Bauer (Healthy), Wyatt Bongiovanni (Healthy), Parker Ford (Healthy), Chaz Lucius (Healthy), Henri Nikkanen (Healthy) Cole Perfetti (Healthy), Ashton Sautner (Healthy), Oskari Salminen (Healthy)

Bakersfield Condors

5 vs 5 Forward
Line #Left WingCenterRight WingPHYDFOFWanted %Time %Time Play
1Ty TullioConnor BrownXavier Bourgault1224038%20:36
2Drake CaggiulaGreg McKeggRaphael Lavoie1223030%16:10
3James HamblinNoah PhilpSeth Griffith1222027%14:29
4Noah PhilpDrake CaggiulaXavier Bourgault122105%2:41
5 vs 5 Defense
Line #DefenseDefensePHYDFOFWanted %Time %Time Play
1Kyle MayhewMarkus Niemelainen1224042%22:53
2Philip KempCam Dineen1223028%14:59
3Ben GleasonNoel Hoefenmayer1222023%12:22
4Cam DineenPhilip Kemp122107%3:42
Power Play Forward
Line #Left WingCenterRight WingPHYDFOFWanted %Time %Time Play
1Xavier BourgaultNoah PhilpJames Hamblin1226056%2:14
2Drake CaggiulaGreg McKeggRaphael Lavoie1224044%1:44
Power Play Defense
Line #DefenseDefensePHYDFOFWanted %Time %Time Play
1Ben GleasonNoel Hoefenmayer1226062%2:28
2Philip KempCam Dineen1224038%1:30
Penalty Kill 4 Players Forward
Line #CenterWingPHYDFOFWanted %Time %Time Play
1Raphael LavoieXavier Bourgault12260100%2:06
2Drake CaggiulaJames Hamblin122400%0:00
Penalty Kill 4 Players Defense
Line #DefenseDefensePHYDFOFWanted %Time %Time Play
1Noel HoefenmayerBen Gleason1226063%1:20
2Philip KempCam Dineen1224037%0:46
Penalty Kill 3 Players
Line #WingPHYDFOFWanted %Time %Time PlayDefenseDefensePHYDFOFWanted %Time %Time Play
1Drake Caggiula122600%0:00 Noel HoefenmayerBen Gleason122600%0:00
2James Hamblin122400%0:00 Philip KempCam Dineen122400%0:00
4 vs 4 Forward
Line #CenterWingPHYDFOFWanted %Time %Time Play
1Noah PhilpRaphael Lavoie122600%0:00
2Drake CaggiulaJames Hamblin122400%0:00
4 vs 4 Defense
Line #DefensePHYDFOFWanted %Time %Time Play
1Ben GleasonNoel Hoefenmayer122600%0:00
2Philip KempCam Dineen122400%0:00
Last Minutes Offensive
Left WingCenterRight WingDefenseDefense
James HamblinConnor BrownDrake CaggiulaMarkus NiemelainenCam Dineen
Last Minutes Defensive
Left WingCenterRight WingDefenseDefense
James HamblinConnor BrownDrake CaggiulaMarkus NiemelainenCam Dineen
Time
Total ForwardTotal DefenseLast Minutes OffensiveLast Minutes Defensive
60:00 60:00 0:000:00
Extra Forwards
Normal PowerPlayPenalty Kill
Ty Tullio, Carter Savoie, James HamblinTy Tullio, Carter SavoieJames Hamblin
Extra Defensemen
Normal PowerPlayPenalty Kill
Ben Gleason, Noel Hoefenmayer, Philip KempBen Gleason, Noel HoefenmayerPhilip Kemp
Penalty Shots
Noah Philp, Xavier Bourgault, Drake Caggiula, Raphael Lavoie, James Hamblin
Goalie
Olivier Rodrigue, Calvin Pickard
Custom OT Lines Forwards
Carter Savoie, Connor Brown, Drake Caggiula, Ty Tullio, James Hamblin, Raphael Lavoie, Seth Griffith, Noah Philp, Xavier Bourgault, Greg McKegg
Custom OT Lines Defensemen
Markus Niemelainen, Noel Hoefenmayer, Philip Kemp, Cam Dineen, Ben Gleason
Scratches
Carl Berglund (Healthy), Zach Tsekos (Healthy), Ryan Fanti (Healthy)


Play-by-Play

1st period


0:01 of 1st period - David Gustafsson wins face-off versus Ty Tullio in neutral zone.
0:04 of 1st period - Markus Niemelainen is hit by Kyle Capobianco and loses puck.
2:43 of 1st period - Raphael Lavoie is hit by Axel Jonsson-Fjallby and loses puck.
4:29 of 1st period - Slapshot by Jeffrey Viel.
4:29 of 1st period - Stopped by Olivier Rodrigue with a rebound.
5:08 of 1st period - Snap shot by Riley Sheahan.
5:08 of 1st period - Shot Misses the Net.
5:10 of 1st period - Slapshot by Kyle Capobianco.
5:10 of 1st period - Shot Misses the Net.
6:07 of 1st period - Ty Tullio is hit by Saku Maenalanen and loses puck.
7:17 of 1st period - Greg McKegg is hit by Brandon Gignac and loses puck.
7:24 of 1st period - Artemi Kniazev is hit by Greg McKegg and loses puck.
7:35 of 1st period - Slapshot by Raphael Lavoie.
7:35 of 1st period - Stopped by Collin Delia without a rebound.
7:36 of 1st period - David Gustafsson wins face-off versus Noah Philp in Manitoba Moose zone.
7:50 of 1st period - David Gustafsson is hit by Noah Philp.
8:12 of 1st period - Ty Tullio is hit by Ville Heinola and loses puck.
8:35 of 1st period - Noel Hoefenmayer is hit by Jeffrey Viel and loses puck.
8:52 of 1st period - Snap shot by Dominic Toninato.
8:52 of 1st period - Shot Blocked by Markus Niemelainen.
8:54 of 1st period - Snap shot by Dominic Toninato.
8:54 of 1st period - Shot Misses the Net.
8:56 of 1st period - Snap shot by Ville Heinola.
8:56 of 1st period - Stopped by Olivier Rodrigue with a rebound.
9:20 of 1st period - Seth Griffith is hit by Brad Lambert and loses puck.
9:48 of 1st period - Ville Heinola is hit by Raphael Lavoie and loses puck.
12:02 of 1st period - Seth Griffith is hit by Declan Chisholm and loses puck.
12:40 of 1st period - Lawrence Pilut is hit by Noah Philp and loses puck.
12:59 of 1st period - Slapshot by Seth Griffith.
12:59 of 1st period - Shot Misses the Net.
13:01 of 1st period - Slapshot by Markus Niemelainen.
13:01 of 1st period - Stopped by Collin Delia without a rebound.
13:02 of 1st period - David Gustafsson wins face-off versus Connor Brown in Manitoba Moose zone.
13:11 of 1st period - Snap shot by Connor Brown.
13:11 of 1st period - Stopped by Collin Delia with a rebound.
13:13 of 1st period - Snap shot by Xavier Bourgault.
13:13 of 1st period - Shot Misses the Net.
13:31 of 1st period - Sam Anas is hit by Markus Niemelainen and loses puck.
13:48 of 1st period - Ty Tullio is hit by Daniel Torgersson.
13:49 of 1st period - Icing by Ty Tullio.
13:50 of 1st period - Dominic Toninato wins face-off versus Xavier Bourgault in Bakersfield Condors zone.
13:55 of 1st period - Slapshot by Ville Heinola.
13:55 of 1st period - Shot Blocked by Ben Gleason.
14:13 of 1st period - Wrist shot by Raphael Lavoie.
14:13 of 1st period - Stopped by Collin Delia with a rebound.
14:15 of 1st period - Wrist shot by Raphael Lavoie.
14:15 of 1st period - Bakersfield Condors goal is going for a video replay.
14:15 of 1st period - The goal is good.
14:15 of 1st period - Goal by Raphael Lavoie - Manitoba Moose : 0 - Bakersfield Condors : 1.
14:16 of 1st period - David Gustafsson wins face-off versus Connor Brown in neutral zone.
14:31 of 1st period - Snap shot by David Gustafsson.
14:31 of 1st period - Stopped by Olivier Rodrigue without a rebound.
14:32 of 1st period - Drake Caggiula wins face-off versus Kristian Reichel in Bakersfield Condors zone.
16:11 of 1st period - Xavier Bourgault is hit by Riley Sheahan and loses puck.
17:06 of 1st period - Snap shot by Kristian Reichel.
17:06 of 1st period - Shot Misses the Net.
17:08 of 1st period - Slapshot by Ville Heinola.
17:08 of 1st period - Deflect By Sam Anas.
17:08 of 1st period - Stopped by Olivier Rodrigue with a rebound.
18:02 of 1st period - Snap shot by Jeffrey Viel.
18:02 of 1st period - Stopped by Olivier Rodrigue without a rebound.
18:03 of 1st period - Connor Brown wins face-off versus Jeffrey Viel in Bakersfield Condors zone.
18:03 of 1st period - Connor Brown is hit by Jeffrey Viel.
18:52 of 1st period - Minor Penalty to Connor Brown for High sticking.
18:53 of 1st period - Kristian Reichel wins face-off versus Raphael Lavoie in Bakersfield Condors zone.
18:55 of 1st period - Backhand shot by Kristian Reichel.
18:55 of 1st period - Shot Blocked by Noel Hoefenmayer.
18:57 of 1st period - Wrist shot by Jeffrey Viel.
18:57 of 1st period - Goal by Jeffrey Viel - Manitoba Moose : 1 - Bakersfield Condors : 1.
18:58 of 1st period - Axel Jonsson-Fjallby wins face-off versus Drake Caggiula in neutral zone.
19:07 of 1st period - Snap shot by Axel Jonsson-Fjallby.
19:07 of 1st period - Shot Misses the Net.
19:25 of 1st period - Jeffrey Viel is hit by Connor Brown and loses puck.
19:59 of 1st period - Snap shot by Xavier Bourgault.
19:59 of 1st period - Stopped by Collin Delia with a rebound.
Goals for this period are 1 for Manitoba Moose vs 1 for Bakersfield Condors.
Shots for this period are 6 for Manitoba Moose vs 6 for Bakersfield Condors.

2nd period


0:01 of 2nd period - Connor Brown wins face-off versus Axel Jonsson-Fjallby in neutral zone.
0:35 of 2nd period - Lawrence Pilut is hit by Greg McKegg and loses puck.
1:07 of 2nd period - Snap shot by Ville Heinola.
1:07 of 2nd period - Shot Blocked by Xavier Bourgault.
1:33 of 2nd period - Icing by David Gustafsson.
1:34 of 2nd period - Noah Philp wins face-off versus Kristian Reichel in Manitoba Moose zone.
1:45 of 2nd period - Snap shot by Jeffrey Viel.
1:45 of 2nd period - Stopped by Olivier Rodrigue without a rebound.
1:46 of 2nd period - Connor Brown wins face-off versus David Gustafsson in Bakersfield Condors zone.
1:51 of 2nd period - David Gustafsson is hit by Xavier Bourgault and loses puck.
2:03 of 2nd period - Off-side.
2:04 of 2nd period - Kristian Reichel wins face-off versus Greg McKegg in neutral zone.
2:37 of 2nd period - Wrist shot by Xavier Bourgault.
2:37 of 2nd period - Shot Blocked by David Gustafsson.
2:39 of 2nd period - Snap shot by Ty Tullio.
2:39 of 2nd period - Goal by Ty Tullio - Manitoba Moose : 1 - Bakersfield Condors : 2.
2:40 of 2nd period - Drake Caggiula wins face-off versus David Gustafsson in neutral zone.
2:46 of 2nd period - Wrist shot by David Gustafsson.
2:46 of 2nd period - Shot Blocked by Markus Niemelainen.
2:48 of 2nd period - Slapshot by Lawrence Pilut.
2:48 of 2nd period - Shot Blocked by Noah Philp.
2:50 of 2nd period - Wrist shot by David Gustafsson.
2:50 of 2nd period - Shot Blocked by Kyle Mayhew.
2:52 of 2nd period - Snap shot by Kyle Capobianco.
2:52 of 2nd period - Stopped by Olivier Rodrigue without a rebound.
2:53 of 2nd period - David Gustafsson wins face-off versus Xavier Bourgault in Bakersfield Condors zone.
3:08 of 2nd period - Wrist shot by Axel Jonsson-Fjallby.
3:08 of 2nd period - Deflect By David Gustafsson.
3:08 of 2nd period - Goal by David Gustafsson - Manitoba Moose : 2 - Bakersfield Condors : 2.
3:09 of 2nd period - David Gustafsson wins face-off versus Connor Brown in neutral zone.
3:18 of 2nd period - Snap shot by David Gustafsson.
3:18 of 2nd period - Stopped by Olivier Rodrigue without a rebound.
3:19 of 2nd period - Connor Brown wins face-off versus David Gustafsson in Bakersfield Condors zone.
3:24 of 2nd period - Slapshot by Axel Jonsson-Fjallby.
3:24 of 2nd period - Stopped by Olivier Rodrigue without a rebound.
3:25 of 2nd period - David Gustafsson wins face-off versus Drake Caggiula in Bakersfield Condors zone.
3:38 of 2nd period - Snap shot by Axel Jonsson-Fjallby.
3:38 of 2nd period - Stopped by Olivier Rodrigue without a rebound.
3:39 of 2nd period - Connor Brown wins face-off versus Kristian Reichel in Bakersfield Condors zone.
3:50 of 2nd period - Wrist shot by Kristian Reichel.
3:50 of 2nd period - Shot Misses the Net.
3:52 of 2nd period - Snap shot by Lawrence Pilut.
3:52 of 2nd period - Stopped by Olivier Rodrigue with a rebound.
3:54 of 2nd period - Slapshot by Kyle Capobianco.
3:54 of 2nd period - Stopped by Olivier Rodrigue without a rebound.
3:55 of 2nd period - David Gustafsson wins face-off versus Greg McKegg in Bakersfield Condors zone.
4:08 of 2nd period - Snap shot by Raphael Lavoie.
4:08 of 2nd period - Shot Misses the Net.
4:10 of 2nd period - Snap shot by Kyle Mayhew.
4:10 of 2nd period - Stopped by Collin Delia with a rebound.
4:20 of 2nd period - Sam Anas is hit by Xavier Bourgault and loses puck.
4:25 of 2nd period - Backhand shot by Connor Brown.
4:25 of 2nd period - Stopped by Collin Delia with a rebound.
4:43 of 2nd period - Snap shot by Xavier Bourgault.
4:43 of 2nd period - Stopped by Collin Delia with a rebound.
4:45 of 2nd period - Backhand shot by Seth Griffith.
4:45 of 2nd period - Stopped by Collin Delia with a rebound.
4:47 of 2nd period - Snap shot by James Hamblin.
4:47 of 2nd period - Shot Blocked by Riley Sheahan.
5:16 of 2nd period - Ben Gleason is hit by Daniel Torgersson and loses puck.
6:37 of 2nd period - Slapshot by Saku Maenalanen.
6:37 of 2nd period - Stopped by Olivier Rodrigue with a rebound.
6:39 of 2nd period - Slapshot by Kyle Capobianco.
6:39 of 2nd period - Stopped by Olivier Rodrigue with a rebound.
6:41 of 2nd period - Wrist shot by Dominic Toninato.
6:41 of 2nd period - Stopped by Olivier Rodrigue with a rebound.
6:43 of 2nd period - Snap shot by Daniel Torgersson.
6:43 of 2nd period - Shot Blocked by Philip Kemp.
6:45 of 2nd period - Slapshot by Kyle Capobianco.
6:45 of 2nd period - Stopped by Olivier Rodrigue with a rebound.
7:16 of 2nd period - Snap shot by Seth Griffith.
7:16 of 2nd period - Stopped by Collin Delia with a rebound.
7:18 of 2nd period - Wrist shot by Noah Philp.
7:18 of 2nd period - Stopped by Collin Delia without a rebound.
7:19 of 2nd period - Riley Sheahan wins face-off versus Connor Brown in Manitoba Moose zone.
7:24 of 2nd period - Wrist shot by Ville Heinola.
7:24 of 2nd period - Stopped by Olivier Rodrigue with a rebound.
7:26 of 2nd period - Slapshot by Simon Lundmark.
7:26 of 2nd period - Deflect By Riley Sheahan.
7:26 of 2nd period - Deflect By Xavier Bourgault.
7:26 of 2nd period - Shot Misses the Net.
7:26 of 2nd period - Puck is out of play.
7:27 of 2nd period - Connor Brown wins face-off versus David Gustafsson in Bakersfield Condors zone.
7:41 of 2nd period - Snap shot by Xavier Bourgault.
7:41 of 2nd period - Deflect By Connor Brown.
7:41 of 2nd period - Deflect By Axel Jonsson-Fjallby.
7:41 of 2nd period - Shot Misses the Net.
7:41 of 2nd period - Puck is out of play.
7:42 of 2nd period - Greg McKegg wins face-off versus Kristian Reichel in Manitoba Moose zone.
7:45 of 2nd period - Wrist shot by Drake Caggiula.
7:45 of 2nd period - Stopped by Collin Delia with a rebound.
7:47 of 2nd period - Snap shot by Greg McKegg.
7:47 of 2nd period - Deflect By Drake Caggiula.
7:47 of 2nd period - Shot Blocked by Lawrence Pilut.
7:47 of 2nd period - Puck is out of play.
7:48 of 2nd period - Greg McKegg wins face-off versus Kristian Reichel in Manitoba Moose zone.
7:55 of 2nd period - Slapshot by Raphael Lavoie.
7:55 of 2nd period - Shot Blocked by Kristian Reichel.
7:57 of 2nd period - Snap shot by Drake Caggiula.
7:57 of 2nd period - Stopped by Collin Delia without a rebound.
7:58 of 2nd period - Drake Caggiula wins face-off versus David Gustafsson in Manitoba Moose zone.
8:13 of 2nd period - Wrist shot by Drake Caggiula.
8:13 of 2nd period - Shot Misses the Net.
8:56 of 2nd period - Slapshot by James Hamblin.
8:56 of 2nd period - Stopped by Collin Delia with a rebound.
9:03 of 2nd period - Minor Penalty to Ville Heinola for Slashing.
9:04 of 2nd period - David Gustafsson wins face-off versus Noah Philp in Manitoba Moose zone.
9:40 of 2nd period - Wrist shot by Drake Caggiula.
9:40 of 2nd period - Stopped by Collin Delia with a rebound.
10:10 of 2nd period - Simon Lundmark is hit by James Hamblin and loses puck.
11:03 of 2nd period - Penalty to Ville Heinola is over, Ville Heinola is back on ice.
12:00 of 2nd period - Wrist shot by Markus Niemelainen.
12:00 of 2nd period - Deflect By Brandon Gignac.
12:00 of 2nd period - Stopped by Collin Delia with a rebound.
12:08 of 2nd period - Wrist shot by Riley Sheahan.
12:08 of 2nd period - Stopped by Olivier Rodrigue without a rebound.
12:09 of 2nd period - David Gustafsson wins face-off versus Greg McKegg in Bakersfield Condors zone.
12:32 of 2nd period - Minor Penalty to Drake Caggiula for Interference.
12:33 of 2nd period - David Gustafsson wins face-off versus Raphael Lavoie in Bakersfield Condors zone.
12:34 of 2nd period - Slapshot by Axel Jonsson-Fjallby.
12:34 of 2nd period - Goal by Axel Jonsson-Fjallby - Manitoba Moose : 3 - Bakersfield Condors : 2.
12:35 of 2nd period - Kristian Reichel wins face-off versus Connor Brown in neutral zone.
12:48 of 2nd period - Wrist shot by Jeffrey Viel.
12:48 of 2nd period - Shot Misses the Net.
12:50 of 2nd period - Snap shot by Sam Anas.
12:50 of 2nd period - Shot Misses the Net.
13:00 of 2nd period - Philip Kemp is hit by Riley Sheahan and loses puck.
13:46 of 2nd period - Minor Penalty to Raphael Lavoie for Cross-checking.
13:47 of 2nd period - James Hamblin wins face-off versus David Gustafsson in Bakersfield Condors zone.
14:46 of 2nd period - Greg McKegg is hit by Kyle Capobianco and loses puck.
15:03 of 2nd period - Kyle Capobianco is hit by Drake Caggiula and loses puck.
15:46 of 2nd period - Penalty to Raphael Lavoie is over, Raphael Lavoie is back on ice.
16:00 of 2nd period - Ty Tullio is hit by Simon Lundmark and loses puck.
16:59 of 2nd period - Jeff Malott is hit by Philip Kemp and loses puck.
17:47 of 2nd period - Raphael Lavoie is hit by Dominic Toninato and loses puck.
17:58 of 2nd period - Greg McKegg is hit by Axel Jonsson-Fjallby and loses puck.
18:06 of 2nd period - Icing by Noel Hoefenmayer.
18:07 of 2nd period - Riley Sheahan wins face-off versus Greg McKegg in Bakersfield Condors zone.
18:08 of 2nd period - Slapshot by Jeff Malott.
18:08 of 2nd period - Shot Misses the Net.
18:10 of 2nd period - Wrist shot by Jeffrey Viel.
18:10 of 2nd period - Stopped by Olivier Rodrigue without a rebound.
18:11 of 2nd period - Connor Brown wins face-off versus Kristian Reichel in Bakersfield Condors zone.
18:20 of 2nd period - Wrist shot by Xavier Bourgault.
18:20 of 2nd period - Shot Misses the Net.
18:22 of 2nd period - Wrist shot by Ty Tullio.
18:22 of 2nd period - Deflect By Connor Brown.
18:22 of 2nd period - Shot Misses the Net.
18:22 of 2nd period - Puck is out of play.
18:23 of 2nd period - Connor Brown wins face-off versus David Gustafsson in Manitoba Moose zone.
18:24 of 2nd period - Wrist shot by Xavier Bourgault.
18:24 of 2nd period - Stopped by Collin Delia with a rebound.
18:26 of 2nd period - Slapshot by Kyle Mayhew.
18:26 of 2nd period - Shot Misses the Net.
18:28 of 2nd period - Slapshot by Markus Niemelainen.
18:28 of 2nd period - Shot Misses the Net.
18:30 of 2nd period - Snap shot by Connor Brown.
18:30 of 2nd period - Shot Blocked by Axel Jonsson-Fjallby.
18:32 of 2nd period - Snap shot by Xavier Bourgault.
18:32 of 2nd period - Shot Misses the Net.
18:34 of 2nd period - Snap shot by Xavier Bourgault.
18:34 of 2nd period - Stopped by Collin Delia with a rebound.
18:36 of 2nd period - Snap shot by Ty Tullio.
18:36 of 2nd period - Goal by Ty Tullio - Manitoba Moose : 3 - Bakersfield Condors : 3.
18:37 of 2nd period - David Gustafsson wins face-off versus Connor Brown in neutral zone.
18:40 of 2nd period - Snap shot by Saku Maenalanen.
18:40 of 2nd period - Shot Blocked by Cam Dineen.
19:04 of 2nd period - Greg McKegg is hit by Kyle Capobianco and loses puck.
19:10 of 2nd period - Off-side.
19:11 of 2nd period - Kristian Reichel wins face-off versus Greg McKegg in neutral zone.
19:14 of 2nd period - Markus Niemelainen is hit by Jeffrey Viel and loses puck.
19:46 of 2nd period - Wrist shot by David Gustafsson.
19:46 of 2nd period - Stopped by Olivier Rodrigue with a rebound.
19:48 of 2nd period - Slapshot by Simon Lundmark.
19:48 of 2nd period - Stopped by Olivier Rodrigue with a rebound.
Goals for this period are 2 for Manitoba Moose vs 2 for Bakersfield Condors.
Shots for this period are 18 for Manitoba Moose vs 15 for Bakersfield Condors.

3rd period


0:01 of 3rd period - Drake Caggiula wins face-off versus David Gustafsson in neutral zone.
0:06 of 3rd period - Wrist shot by David Gustafsson.
0:06 of 3rd period - Stopped by Olivier Rodrigue with a rebound.
0:26 of 3rd period - Lawrence Pilut is hit by Connor Brown and loses puck.
0:39 of 3rd period - Wrist shot by Drake Caggiula.
0:39 of 3rd period - Shot Misses the Net.
0:41 of 3rd period - Wrist shot by Raphael Lavoie.
0:41 of 3rd period - Stopped by Collin Delia with a rebound.
0:43 of 3rd period - Slapshot by Markus Niemelainen.
0:43 of 3rd period - Stopped by Collin Delia with a rebound.
1:11 of 3rd period - Icing by Kyle Mayhew.
1:12 of 3rd period - Connor Brown wins face-off versus Kristian Reichel in Bakersfield Condors zone.
1:12 of 3rd period - Connor Brown is hit by Jeffrey Viel.
1:43 of 3rd period - Snap shot by David Gustafsson.
1:43 of 3rd period - Stopped by Olivier Rodrigue with a rebound.
2:04 of 3rd period - Slapshot by Connor Brown.
2:04 of 3rd period - Shot Misses the Net.
2:06 of 3rd period - Snap shot by Connor Brown.
2:06 of 3rd period - Shot Misses the Net.
2:08 of 3rd period - Snap shot by Connor Brown.
2:08 of 3rd period - Shot Blocked by Riley Sheahan.
2:36 of 3rd period - Jeffrey Viel is hit by Connor Brown and loses puck.
3:14 of 3rd period - Off-side.
3:15 of 3rd period - Greg McKegg wins face-off versus Riley Sheahan in neutral zone.
3:42 of 3rd period - Wrist shot by Jeff Malott.
3:42 of 3rd period - Stopped by Olivier Rodrigue with a rebound.
4:20 of 3rd period - Snap shot by Jeff Malott.
4:20 of 3rd period - Stopped by Olivier Rodrigue with a rebound.
4:22 of 3rd period - Slapshot by Kyle Capobianco.
4:22 of 3rd period - Stopped by Olivier Rodrigue with a rebound.
4:24 of 3rd period - Wrist shot by Jeff Malott.
4:24 of 3rd period - Shot Misses the Net.
4:26 of 3rd period - Slapshot by Brad Lambert.
4:26 of 3rd period - Shot Misses the Net.
4:30 of 3rd period - Snap shot by Jeff Malott.
4:30 of 3rd period - Deflect By Riley Sheahan.
4:30 of 3rd period - Stopped by Olivier Rodrigue with a rebound.
4:32 of 3rd period - Wrist shot by Brad Lambert.
4:32 of 3rd period - Goal by Brad Lambert - Manitoba Moose : 4 - Bakersfield Condors : 3.
4:33 of 3rd period - David Gustafsson wins face-off versus Greg McKegg in neutral zone.
4:36 of 3rd period - Slapshot by David Gustafsson.
4:36 of 3rd period - Stopped by Olivier Rodrigue with a rebound.
4:38 of 3rd period - Snap shot by Axel Jonsson-Fjallby.
4:38 of 3rd period - Shot Misses the Net.
4:44 of 3rd period - Snap shot by David Gustafsson.
4:44 of 3rd period - Shot Misses the Net.
4:46 of 3rd period - Slapshot by Saku Maenalanen.
4:46 of 3rd period - Deflect By Drake Caggiula.
4:46 of 3rd period - Shot Blocked by Markus Niemelainen.
4:46 of 3rd period - Puck is out of play.
4:47 of 3rd period - Greg McKegg wins face-off versus Kristian Reichel in Bakersfield Condors zone.
5:19 of 3rd period - Saku Maenalanen is hit by Markus Niemelainen.
5:36 of 3rd period - Minor Penalty to Lawrence Pilut for Delaying the game.
5:37 of 3rd period - Axel Jonsson-Fjallby wins face-off versus Noah Philp in Manitoba Moose zone.
7:29 of 3rd period - Kyle Capobianco is hit by Philip Kemp and loses puck.
7:30 of 3rd period - Kyle Capobianco from Manitoba Moose is injured at 7:30 of 3rd period (Bruised Left Leg).
7:31 of 3rd period - Noah Philp wins face-off versus David Gustafsson in Manitoba Moose zone.
7:34 of 3rd period - Snap shot by Xavier Bourgault.
7:34 of 3rd period - Shot Blocked by David Gustafsson.
7:36 of 3rd period - Penalty to Lawrence Pilut is over, Lawrence Pilut is back on ice.
7:46 of 3rd period - Snap shot by Axel Jonsson-Fjallby.
7:46 of 3rd period - Shot Misses the Net.
7:48 of 3rd period - Slapshot by Simon Lundmark.
7:48 of 3rd period - Shot Misses the Net.
7:56 of 3rd period - Wrist shot by Axel Jonsson-Fjallby.
7:56 of 3rd period - Stopped by Olivier Rodrigue with a rebound.
7:58 of 3rd period - Snap shot by David Gustafsson.
7:58 of 3rd period - Shot Misses the Net.
8:08 of 3rd period - Slapshot by David Gustafsson.
8:08 of 3rd period - Shot Misses the Net.
8:10 of 3rd period - Snap shot by Declan Chisholm.
8:10 of 3rd period - Deflect By David Gustafsson.
8:10 of 3rd period - Shot Misses the Net.
8:10 of 3rd period - Puck is out of play.
8:11 of 3rd period - Kristian Reichel wins face-off versus Greg McKegg in Bakersfield Condors zone.
8:18 of 3rd period - Slapshot by Raphael Lavoie.
8:18 of 3rd period - Shot Misses the Net.
8:20 of 3rd period - Snap shot by Philip Kemp.
8:20 of 3rd period - Stopped by Collin Delia without a rebound.
8:21 of 3rd period - Greg McKegg wins face-off versus Kristian Reichel in Manitoba Moose zone.
8:36 of 3rd period - Wrist shot by Drake Caggiula.
8:36 of 3rd period - Stopped by Collin Delia with a rebound.
8:38 of 3rd period - Snap shot by Greg McKegg.
8:38 of 3rd period - Shot Blocked by Lawrence Pilut.
8:40 of 3rd period - Backhand shot by Philip Kemp.
8:40 of 3rd period - Shot Misses the Net.
8:42 of 3rd period - Snap shot by Philip Kemp.
8:42 of 3rd period - Stopped by Collin Delia without a rebound.
8:43 of 3rd period - David Gustafsson wins face-off versus Connor Brown in Manitoba Moose zone.
8:43 of 3rd period - David Gustafsson is hit by Markus Niemelainen.
9:30 of 3rd period - Off-side.
9:31 of 3rd period - Kristian Reichel wins face-off versus Noah Philp in neutral zone.
9:33 of 3rd period - Off-side.
9:34 of 3rd period - Kristian Reichel wins face-off versus Noah Philp in neutral zone.
9:45 of 3rd period - Slapshot by Lawrence Pilut.
9:45 of 3rd period - Shot Misses the Net.
9:47 of 3rd period - Snap shot by Jeffrey Viel.
9:47 of 3rd period - Stopped by Olivier Rodrigue without a rebound.
9:48 of 3rd period - David Gustafsson wins face-off versus Connor Brown in Bakersfield Condors zone.
9:59 of 3rd period - Snap shot by Axel Jonsson-Fjallby.
9:59 of 3rd period - Stopped by Olivier Rodrigue with a rebound.
10:20 of 3rd period - Simon Lundmark is hit by Markus Niemelainen and loses puck.
10:39 of 3rd period - Jeff Malott is hit by James Hamblin.
11:18 of 3rd period - Xavier Bourgault is hit by Axel Jonsson-Fjallby and loses puck.
11:42 of 3rd period - Cam Dineen is hit by Sam Anas and loses puck.
12:03 of 3rd period - Snap shot by Seth Griffith.
12:03 of 3rd period - Deflect By Noah Philp.
12:03 of 3rd period - Stopped by Collin Delia without a rebound.
12:04 of 3rd period - Noah Philp wins face-off versus David Gustafsson in Manitoba Moose zone.
12:05 of 3rd period - Snap shot by Seth Griffith.
12:05 of 3rd period - Stopped by Collin Delia with a rebound.
12:07 of 3rd period - Snap shot by James Hamblin.
12:07 of 3rd period - Shot Misses the Net.
12:09 of 3rd period - Wrist shot by Seth Griffith.
12:09 of 3rd period - Stopped by Collin Delia with a rebound.
12:11 of 3rd period - Slapshot by Seth Griffith.
12:11 of 3rd period - Goal by Seth Griffith - Manitoba Moose : 4 - Bakersfield Condors : 4.
12:12 of 3rd period - Drake Caggiula wins face-off versus David Gustafsson in neutral zone.
12:21 of 3rd period - Noah Philp is hit by David Gustafsson and loses puck.
12:45 of 3rd period - Snap shot by Kristian Reichel.
12:45 of 3rd period - Shot Misses the Net.
13:01 of 3rd period - Drake Caggiula is hit by Jeff Malott and loses puck.
13:08 of 3rd period - Snap shot by Riley Sheahan.
13:08 of 3rd period - Shot Misses the Net.
13:45 of 3rd period - Artemi Kniazev is hit by Ty Tullio and loses puck.
13:56 of 3rd period - Kyle Mayhew is hit by Jeff Malott and loses puck.
14:35 of 3rd period - Wrist shot by Ville Heinola.
14:35 of 3rd period - Deflect By Philip Kemp.
14:35 of 3rd period - Stopped by Olivier Rodrigue without a rebound.
14:36 of 3rd period - Connor Brown wins face-off versus David Gustafsson in Bakersfield Condors zone.
14:44 of 3rd period - Icing by Saku Maenalanen.
14:45 of 3rd period - Greg McKegg wins face-off versus David Gustafsson in Manitoba Moose zone.
15:01 of 3rd period - Off-side.
15:02 of 3rd period - Riley Sheahan wins face-off versus Connor Brown in neutral zone.
15:46 of 3rd period - Wrist shot by Jeff Malott.
15:46 of 3rd period - Shot Misses the Net.
15:48 of 3rd period - Snap shot by Jeff Malott.
15:48 of 3rd period - Shot Misses the Net.
15:50 of 3rd period - Wrist shot by Jeff Malott.
15:50 of 3rd period - Stopped by Olivier Rodrigue with a rebound.
15:58 of 3rd period - Slapshot by Ville Heinola.
15:58 of 3rd period - Deflect By Riley Sheahan.
15:58 of 3rd period - Stopped by Olivier Rodrigue with a rebound.
16:00 of 3rd period - Snap shot by Riley Sheahan.
16:00 of 3rd period - Stopped by Olivier Rodrigue with a rebound.
16:02 of 3rd period - Backhand shot by Brad Lambert.
16:02 of 3rd period - Goal by Brad Lambert - Manitoba Moose : 5 - Bakersfield Condors : 4.
16:03 of 3rd period - Connor Brown wins face-off versus David Gustafsson in neutral zone.
16:33 of 3rd period - Declan Chisholm is hit by Greg McKegg and loses puck.
17:17 of 3rd period - Icing by Seth Griffith.
17:18 of 3rd period - Noah Philp wins face-off versus Dominic Toninato in Bakersfield Condors zone.
17:25 of 3rd period - Snap shot by Seth Griffith.
17:25 of 3rd period - Shot Misses the Net.
17:45 of 3rd period - Wrist shot by Connor Brown.
17:45 of 3rd period - Stopped by Collin Delia without a rebound.
17:46 of 3rd period - David Gustafsson wins face-off versus Connor Brown in Manitoba Moose zone.
18:03 of 3rd period - Xavier Bourgault is hit by Saku Maenalanen.
18:11 of 3rd period - Declan Chisholm is hit by Drake Caggiula and loses puck.
18:27 of 3rd period - Icing by Axel Jonsson-Fjallby.
18:28 of 3rd period - Noah Philp wins face-off versus Riley Sheahan in Manitoba Moose zone.
18:33 of 3rd period - Slapshot by James Hamblin.
18:33 of 3rd period - Stopped by Collin Delia without a rebound.
18:34 of 3rd period - Riley Sheahan wins face-off versus Noah Philp in Manitoba Moose zone.
18:55 of 3rd period - Wrist shot by Seth Griffith.
18:55 of 3rd period - Deflect By Jeff Malott.
18:55 of 3rd period - Stopped by Collin Delia with a rebound.
18:57 of 3rd period - Slapshot by Markus Niemelainen.
18:57 of 3rd period - Shot Misses the Net.
18:59 of 3rd period - Snap shot by Noah Philp.
18:59 of 3rd period - Shot Blocked by Simon Lundmark.
19:01 of 3rd period - Bakersfield Condors, Olivier Rodrigue is pulled from the net.
19:01 of 3rd period - Snap shot by Kyle Mayhew.
19:01 of 3rd period - Shot Misses the Net.
19:05 of 3rd period - Wrist shot by Seth Griffith.
19:05 of 3rd period - Shot Misses the Net.
19:36 of 3rd period - Snap shot by James Hamblin.
19:36 of 3rd period - Shot Blocked by Brad Lambert.
19:40 of 3rd period - Wrist shot by Seth Griffith.
19:40 of 3rd period - Shot Blocked by Jeff Malott.
Goals for this period are 2 for Manitoba Moose vs 1 for Bakersfield Condors.
Shots for this period are 16 for Manitoba Moose vs 12 for Bakersfield Condors.